 Dungeon Crawl Stone Soup version 0.28-a0-723-g095bd1b44f (webtiles) character file.

Game seed: 5345383045374290373

97980 ytrimaz the Tortoise (level 15, 0/139 HPs)
             Began as a Minotaur Berserker on Oct 24, 2021.
             Was a High Priest of Trog.
             Slain by a seven-headed hydra (5 damage)
             ... called by a spriggan druid
             ... on level 1 of the Swamp on Oct 25, 2021.
             The game lasted 00:53:53 (27733 turns).

ytrimaz the Tortoise (Minotaur Berserker)          Turns: 27733, Time: 00:53:54

Health: 0/139      AC: 30    Str: 35    XL:     15   Next: 73%
Magic:  14/14      EV: 14    Int:  2    God:    Trog [*****.]
Gold:   1344       SH: 21    Dex: 11    Spells: 14/14 levels left

rFire   . . .      SeeInvis +   t - +2 morningstar "Arucaostua" {elec, Will+++ Str+7 Int-2 Dex-2}
rCold   + + +      Faith    .   w - +3 kite shield of the Tarantula {Drain +Blink rC+++ Dex+3}
rNeg    . . .      Spirit   .   x - +1 plate armour {rPois}
rPois   +          Reflect  +   F - +2 hat {SInv}
rElec   .          Harm     .   (no cloak)
rCorr   .          Rampage  .   f - +1 pair of gloves
Will    +++++                   i - +0 pair of boots
Stlth   ..........              U - amulet of reflection
HPRegen 1.33/turn               K - +4 ring of evasion
MPRegen 0.14/turn               I - +4 ring of protection

@: about to teleport, strong-willed (expiring), regenerating (expiring), very
slow
A: horns 2, retaliatory headbutt
a: Renounce Religion, Evoke Blink, Berserk, Trog's Hand, Brothers in Arms


You were on level 1 of the Swamp.
You worshipped Trog.
Trog was extremely pleased with you.
You visited 7 branches of the dungeon, and saw 28 of its levels.
You also visited: Sewer, Bailey, Gauntlet and Ice Cave.

You collected 2582 gold pieces.
You spent 1238 gold pieces at shops.

Inventory:

Hand Weapons
 p - a +4 morningstar of freezing
 t - the +2 morningstar "Arucaostua" (weapon) {elec, Will+++ Str+7 Int-2 Dex-2}
   (You bought it in a shop on level 2 of the Orcish Mines)

   It occasionally discharges a powerful burst of electricity upon striking a
   foe.
   Str:       It affects your strength (+7).
   Int:       It affects your intelligence (-2).
   Dex:       It affects your dexterity (-2).
   Will:      It greatly increases your willpower.
 v - a +2 hand axe of electrocution
 M - a +3 broad axe of flaming
 O - a +0 battleaxe of freezing
 R - a +3 battleaxe of flaming
Armour
 d - a +0 buckler
 f - a +1 pair of gloves (worn)
 h - a +0 tower shield
 i - a +0 pair of boots (worn)
 w - the +3 kite shield of the Tarantula (worn) {Drain +Blink rC+++ Dex+3}
   (You bought it in a shop on level 2 of the Orcish Mines)

   Dex:       It affects your dexterity (+3).
   rC:        It renders you almost immune to cold.
   +Blink:    It lets you blink.
   Drain:     It drains your maximum health when unequipped.
 x - a +1 plate armour of poison resistance (worn)
 C - a +1 kite shield of cold resistance
 F - a +2 hat of see invisible (worn)
 Q - a +1 plate armour of cold resistance
Jewellery
 c - a ring of see invisible
 I - a +4 ring of protection (right hand)
 K - a +4 ring of evasion (left hand)
 S - an amulet of regeneration
 U - an amulet of reflection (around neck)
Wands
 b - a wand of paralysis (13)
 r - a wand of acid (11)
 s - a wand of flame (132)
 y - a wand of digging (8)
 H - a wand of polymorph (14)
 T - a wand of iceblast (28)
 V - a wand of mindburst (48)
Scrolls
 a - 3 scrolls of fog
 g - 11 scrolls of teleportation
 q - 5 scrolls of enchant armour
 G - 4 scrolls of fear
 L - 2 scrolls of magic mapping
 N - a scroll of acquirement {unknown}
 P - 6 scrolls of identify
 W - a scroll of blinking
 X - a scroll of summoning
 Y - 4 scrolls of enchant weapon
Potions
 e - 3 potions of attraction
 j - 2 potions of flight
 k - a potion of mutation
 l - 2 potions of invisibility
 m - 8 potions of curing
 n - 2 potions of haste
 o - 5 potions of cancellation
 u - 5 potions of berserk rage
 z - 2 potions of lignification
 A - 4 potions of heal wounds
 B - 3 potions of might
 D - 2 potions of resistance
 E - 4 potions of magic
 J - 2 potions of ambrosia {unknown}


   Skills:
 + Level 14.3 Fighting
 - Level 15.7(17.4) Axes
 * Level 12.6(15.9) Maces & Flails
 * Level 19.1 Armour
 - Level 2.2 Dodging
 - Level 15.0 Shields


You had 14 spell levels left.
You didn't know any spells.
Your spell library was empty.

Dungeon Overview and Level Annotations

Branches:
Dungeon (15/15)            Temple (1/1) D:6            Lair (6/6) D:8
  Swamp (2/4) Lair:2       Spider (0/4) Lair:2        Slime (1/5) Lair:6
    Orc (2/2) D:12            Elf (1/3) Orc:2        Vaults (0/5) D:14
 Depths (0/4) D:15          Sewer (visited)          Bailey (visited)
  IceCv (visited)         Gauntlet (visited)

Altars:
Ashenzari
Cheibriados
Dithmenos
Elyvilon
Fedhas
Gozag
Hepliaklqana
Kikubaaqudgha
Makhleb
Nemelex Xobeh
Okawaru
Qazlal
Ru
Sif Muna
Trog
Uskayaw
Vehumet
Wu Jian
Xom
Yredelemnul
Zin
The Shining One
Beogh
Jiyva

Shops:
D:7 !   D:8 [*   D:13 [   Orc:2 ![[(

Portals:
Trove: D:14 (give 7 scrolls of blinking)

Annotations:
Lair:3 3 runed translucent doors, Lenagic's ghost, journeyman VSBe


Innate Abilities, Weirdness & Mutations

You have a pair of horns on your head.
You reflexively headbutt those who attack you in melee.


Message History

The harpoon shot misses you.
Unknown command.
Okay, then.
Unknown command.
You are no longer corroded.
You block the alligator's attack.
The alligator tail-slaps you but does no damage.
The will-o-the-wisp gestures.
The will-o-the-wisp conjures some foxfire!
You block the seven-headed hydra's attack. x3
The seven-headed hydra bites you but does no damage.
The seven-headed hydra closely misses you.
The seven-headed hydra bites you but does no damage.
The seven-headed hydra misses you. 2 foxfires come into view.
You feel the effects of Trog's Hand fading.
The bog body casts a spell at you.
The bolt of cold hits you but does no damage.
The swamp worm fires a harpoon shot at you.
The harpoon shot hits you but does no damage.
The foxfire hits you but does no damage.
You enter the shallow water.
Moving in this stuff is going to be slow.
The foxfire hits you!
* * * LOW HITPOINT WARNING * * *
The swamp worm fires a harpoon shot at you.
The harpoon shot reflects off an invisible shield around you!
The harpoon shot hits the swamp worm!!
The seven-headed hydra is engulfed in freezing vapours.
The seven-headed hydra seems to slow down.
You block the seven-headed hydra's attack.
The seven-headed hydra bites you.
* * * LOW HITPOINT WARNING * * *
The seven-headed hydra bites you.
* * * LOW HITPOINT WARNING * * *
The seven-headed hydra bites you!
* * * LOW HITPOINT WARNING * * *
The seven-headed hydra bites you but does no damage.
The seven-headed hydra bites you.
You die...

♣♣♣ ♣♣♣♣ ♣♣♣ ♣♣≈♣♣
♣♣.≈.♣..♣♣ ♣≈≈.♣
♣♣♣♣≈.≈.[.≈≈♣♣ ♣.≈≈♣
♣≈...)..≈≈≈≈.♣ ♣♣.<♣
♣.≈≈≈≈≈≈≈≈≈≈♣ ♣§).♣♣
..≈≈≈n≈≈.≈.. ♣♣♣.≈≈.♣♣♣
.≈≈≈≈°°≈..♣♣♣♣♣....≈≈.≈♣♣
≈.!≈≈≈≈°@≈≈♣♣≈.≈≈........
....≈≈≈≈tD.≈≈...≈≈....≈..
.≈≈≈w≈..w≈♣♣♣≈.♣♣.≈......
.≈≈≈≈.≈≈[§♣≈≈≈≈♣♣......♣♣
♣♣≈.....§≈v≈≈≈≈≈♣♣≈≈.[..♣
♣♣......§§≈≈≈≈≈≈♣...§..♣
♣≈§♣....♣§≈w≈≈≈...≈≈≈≈.♣
♣♣♣......♣§§≈♣≈≈≈..≈≈≈≈♣
♣≈..≈..≈≈≈≈♣≈≈≈≈.≈.≈≈.♣


You could see an alligator (swift), a seven-headed hydra (slow), a
will-o-the-wisp, a bog body and 2 swamp worms.

Vanquished Creatures
  Rupert (D:15)
  Roxanne (D:15)
  A minotaur (Gauntlet)
  A bunyip (Swamp:1)
  2 fire dragons (D:15)
  10 hydras
  3 boulder beetles
  A death knight (D:15)
  5 centaur warriors
  A ghost crab (Gauntlet)
  Erolcha (D:10)
  A catoblepas (D:14)
  7 two-headed ogres
  An orc high priest (Orc:2)
  A deep elf knight (D:14)
  Nergalle (D:12)
  Urug (Lair:4)
  A skeletal warrior (D:14)
  A goliath frog (Swamp:2)
  A spriggan druid (Swamp:1)
  2 bog bodies (IceCv)
  Pikel (D:7)
  10 ugly things
  3 orc knights
  3 deep elf pyromancers
  A deep elf zephyrmancer (Orc:2)
  3 manticores
  An oklob plant (Lair:3)
  A moth of wrath (Gauntlet)
  6 cyclopes
  7 black mambas
  17 elephants
  An ice statue (IceCv)
  A torpor snail (Lair:4)
  15 cane toads
  A cane toad (shapeshifter) (D:15)
  2 rime drakes
  A kobold demonologist (D:14)
  Psyche (D:12)
  3 anaconda simulacra (IceCv)
  An efreet (D:15)
  An entropy weaver simulacrum (IceCv)
  12 komodo dragons
  A tengu conjurer (D:14)
  A yaktaur (shapeshifter) (D:13)
  2 trolls
  A merfolk (shapeshifter) (D:14)
  3 tyrant leeches (Lair:6)
  3 polar bears
  A polar bear (shapeshifter) (D:15)
  2 hornets (Gauntlet)
  Grinder (D:5)
  7 slime creatures
  28 blink frogs
  A vampire (D:11)
  A shadow (D:12)
  A water elemental (D:13)
  3 wraiths
  5 wyverns
  58 yaks
  7 basilisks
  A death yak simulacrum (IceCv)
  2 steam dragons
  8 vampire mosquitoes
  Menkaure (D:5)
  A harpy simulacrum (IceCv)
  2 swamp worms (Swamp:1)
  5 acid dragons
  5 wargs
  12 water moccasins
  29 orc warriors
  4 sky beasts
  An ice beast (D:6)
  A necrophage (D:4)
  4 ogres
  10 centaurs
  9 wolves
  2 phantoms
  3 lemures
  3 kobold brigands (D:14)
  13 bullfrogs
  4 cane toad simulacra (IceCv)
  4 two-headed ogre simulacra (IceCv)
  3 wyvern zombies
  2 gnoll sergeants
  A wyvern skeleton (D:5)
  7 scorpions (Lair:2)
  5 killer bees (D:9)
  9 wights
  3 electric eels
  3 elephant simulacra (IceCv)
  4 howler monkeys
  5 centaur zombies
  2 jellies (D:4)
  A hound (D:2)
  20 orc priests
  A centaur skeleton (D:6)
  A scorpion zombie (D:5)
  22 orc wizards
  An iguana (D:4)
  A polar bear simulacrum (IceCv)
  3 spriggan simulacra (IceCv)
  4 troll simulacra (IceCv)
  3 wolf simulacra (IceCv)
  13 gnolls
  15 adders
  7 naga simulacra (IceCv)
  A shadow imp (D:8)
  5 white imps
  7 ufetubi
  7 worms
  4 dart slugs
  85 orcs
  9 endoplasms
  3 giant cockroaches
  3 hobgoblins
  11 jackals
  8 quokkas
  12 ball pythons
  9 bats
  5 frilled lizards
  5 goblins
  7 kobolds
  4 rats
707 creatures vanquished.

Vanquished Creatures (collateral kills)
  An orc warlord (Orc:2)
  A boulder beetle (D:15)
  A goliath frog (Lair:6)
  An orc sorcerer (Orc:2)
  3 cane toads (Lair:6)
  A komodo dragon (Lair:6)
  A blink frog (Lair:6)
  A vampire mosquito (Lair:6)
  6 orc warriors (Orc:2)
  2 orc priests (Orc:2)
  An orc (Orc:2)
19 creatures vanquished.

Vanquished Creatures (others)
  A deep elf zephyrmancer (D:14)
  An orc warrior (D:9)
  A bullfrog (Lair:6)
  An orc wizard (D:9)
  A bush (D:15)
  4 foxfires
  27 fungi
  80 plants
116 creatures vanquished.

Grand Total: 842 creatures vanquished

Notes
Turn   | Place    | Note
-------+----------+-------------------------------------------
     0 | D:1      | ytrimaz the Minotaur Berserker began the quest for the Orb.
     0 | D:1      | Reached XP level 1. HP: 19/19 MP: 0/0
   383 | D:1      | Reached XP level 2. HP: 27/27 MP: 1/1
   561 | D:1      | Reached XP level 3. HP: 23/33 MP: 2/2
   806 | D:1      | Reached ** piety under Trog
  1240 | D:2      | Reached skill level 3 in Armour
  1503 | D:2      | Reached XP level 4. HP: 41/41 MP: 3/3
  1605 | D:2      | Reached skill level 5 in Fighting
  1860 | D:3      | Reached skill level 5 in Axes
  2169 | D:3      | Found a bloodstained altar of Trog.
  2207 | D:3      | Found a sparkling altar of Nemelex Xobeh.
  2207 | D:3      | Found a shimmering altar of Xom.
  2282 | D:3      | Found a blossoming altar of Fedhas.
  2448 | D:3      | Reached XP level 5. HP: 48/48 MP: 4/4
  2772 | D:3      | Found a faded altar of an unknown god.
  2994 | D:4      | Noticed a necrophage
  3000 | D:4      | Killed a necrophage
  3001 | D:4      | Reached skill level 4 in Armour
  3001 | D:4      | Reached XP level 6. HP: 57/57 MP: 5/5
  3263 | D:4      | Reached *** piety under Trog
  3393 | D:4      | Found a shimmering blue altar of Sif Muna.
  3691 | D:4      | Reached XP level 7. HP: 64/64 MP: 6/6
  3975 | D:5      | Entered Level 5 of the Dungeon
  3994 | D:5      | Reached skill level 5 in Armour
  4373 | D:5      | Noticed Grinder
  4380 | D:5      | Killed Grinder
  4381 | D:5      | Reached skill level 6 in Armour
  4381 | D:5      | Reached XP level 8. HP: 73/73 MP: 7/7
  4689 | D:5      | Noticed Menkaure
  4695 | D:5      | Killed Menkaure
  5057 | D:6      | Reached skill level 7 in Armour
  5099 | D:6      | Found a staircase to the Ecumenical Temple.
  5141 | D:6      | Found a glowing drain.
  5156 | Sewer    | Entered a sewer
  5159 | Sewer    | Reached **** piety under Trog
  5746 | D:6      | Reached skill level 10 in Axes
  5956 | D:6      | Reached XP level 9. HP: 81/81 MP: 8/8
  6452 | Temple   | Entered the Ecumenical Temple
  6554 | D:7      | Reached skill level 8 in Armour
  6672 | D:7      | Noticed a two-headed ogre
  6679 | D:7      | Killed a two-headed ogre
  6680 | D:7      | Reached skill level 9 in Armour
  7124 | D:7      | You are sucked into a shaft and drop 1 floor!
  7124 | D:8      | Found an opulent altar of Gozag.
  7179 | D:8      | Reached ***** piety under Trog
  7562 | D:7      | Noticed Pikel
  7749 | D:7      | Killed Pikel
  7750 | D:7      | Reached skill level 1 in Maces & Flails
  7750 | D:7      | Reached skill level 10 in Armour
  7753 | D:7      | Found Nivvail's Distillery.
  8016 | D:7      | Bought a potion of brilliance for 64 gold pieces
  8016 | D:7      | Bought a potion of resistance for 160 gold pieces
  8016 | D:7      | Bought a potion of magic for 128 gold pieces
  8170 | D:7      | Found a radiant altar of Vehumet.
  8386 | D:8      | Identified the +12 flail "Nuwkiss" {pain, rF+ Str+2 Int+2}
  8549 | D:8      | Found Ikept's Overcharged Wands.
  8606 | D:8      | Reached XP level 10. HP: 89/91 MP: 9/9
  8645 | D:8      | Reached skill level 1 in Shields
  8695 | D:8      | Found a staircase to the Lair.
  8735 | D:8      | Found a basalt altar of Yredelemnul.
  8842 | D:8      | Found Jerhu's Antique Armour Shop.
  9382 | D:8      | Reached skill level 11 in Armour
  9524 | D:9      | Noticed a two-headed ogre
  9536 | D:9      | Identified the +3 ring mail of the Saviour {-Tele rPois
                  | Will+++ Slay-5}
  9542 | D:9      | Killed a two-headed ogre
  9782 | D:9      | Received a gift from Trog
 10598 | D:9      | Reached skill level 12 in Armour
 10676 | D:9      | Found a hazy altar of Hepliaklqana.
 11027 | D:10     | Entered Level 10 of the Dungeon
 11255 | D:10     | Found a flagged portal.
 11258 | D:10     | Found a glowing silver altar of Zin.
 11258 | D:10     | Found a glowing golden altar of the Shining One.
 11258 | D:10     | Found a white marble altar of Elyvilon.
 11261 | D:10     | Noticed a two-headed ogre
 11267 | D:10     | Killed a two-headed ogre
 11268 | D:10     | Reached XP level 11. HP: 91/99 MP: 10/10
 11412 | Bailey   | Entered a bailey
 11452 | Bailey   | Identified the +0 pair of gloves of the Tarantula {Int+5}
 11579 | Bailey   | Found a bloodstained altar of Trog.
 11592 | Bailey   | Reached skill level 10 in Fighting
 11825 | D:10     | Reached skill level 13 in Armour
 11825 | D:10     | Noticed Erolcha
 11836 | D:10     | Killed Erolcha
 12574 | D:11     | Noticed a brown ugly thing
 12586 | D:11     | Killed a brown ugly thing
 12655 | D:11     | Found a frozen archway.
 12667 | IceCv    | Entered an ice cave
 12826 | IceCv    | Reached skill level 5 in Shields
 13421 | IceCv    | Noticed a bog body
 13422 | IceCv    | Noticed a bog body
 13448 | IceCv    | Killed a bog body
 13449 | IceCv    | Reached skill level 14 in Armour
 13461 | IceCv    | Killed a bog body
 13880 | D:11     | Noticed a two-headed ogre
 13890 | D:11     | Killed a two-headed ogre
 14011 | D:11     | Noticed a two-headed ogre
 14020 | D:11     | Killed a two-headed ogre
 14079 | D:11     | Noticed a green ugly thing
 14091 | D:11     | Killed a green ugly thing
 14092 | D:11     | Reached XP level 12. HP: 105/110 MP: 11/11
 14440 | D:11     | Noticed a two-headed ogre
 14448 | D:11     | Killed a two-headed ogre
 14473 | D:11     | Upgraded the game from 0.28-a0-706-gf6f64a616a to
                  | 0.28-a0-723-g095bd1b44f
 14556 | D:11     | Reached skill level 15 in Armour
 15548 | D:12     | Found a staircase to the Orcish Mines.
 15919 | D:12     | Noticed Psyche
 15927 | D:12     | Noticed Nergalle
 15932 | D:12     | Killed Psyche
 15933 | D:12     | Reached skill level 16 in Armour
 15943 | D:12     | Killed Nergalle
 16201 | D:13     | Noticed a centaur warrior
 16210 | D:13     | Killed a centaur warrior
 16353 | D:13     | Found a gate leading to a gauntlet.
 16486 | D:13     | Noticed a centaur warrior
 16494 | D:13     | Killed a centaur warrior
 16533 | Gauntlet | Entered a Gauntlet
 16533 | Gauntlet | Found a transporter.
 16533 | Gauntlet | Found a transporter.
 16533 | Gauntlet | Found a runed translucent door.
 16533 | Gauntlet | Found a runed translucent door.
 16551 | Gauntlet | Found a transporter.
 16551 | Gauntlet | Found a transporter.
 16555 | Gauntlet | Found a transporter.
 16555 | Gauntlet | Found a transporter.
 16585 | Gauntlet | Found a transporter.
 16589 | Gauntlet | Found a transporter.
 16593 | Gauntlet | Found a transporter.
 16608 | Gauntlet | Found a transporter.
 16609 | Gauntlet | Noticed a ghost crab
 16612 | Gauntlet | Found a runed translucent door.
 16626 | Gauntlet | Found a transporter.
 16627 | Gauntlet | Found a transporter.
 16691 | Gauntlet | Reached XP level 13. HP: 116/118 MP: 12/12
 16891 | Gauntlet | Identified the +1 hat of the Lotus Blossom {-Tele Regen+
                  | Stlth+}
 16929 | Gauntlet | Noticed a minotaur
 16944 | Gauntlet | Killed a minotaur
 17032 | D:13     | Reached skill level 15 in Axes
 17316 | D:13     | Found Giahio's Antique Armour Boutique.
 17324 | D:13     | Bought a tower shield for 135 gold pieces
 17376 | D:13     | Reached skill level 17 in Armour
 17951 | D:14     | Found a portal to a secret trove of treasure.
 18130 | D:15     | Entered Level 15 of the Dungeon
 18275 | D:15     | Noticed Rupert
 18367 | D:14     | Reached skill level 10 in Shields
 18509 | D:14     | Found a gate to the Vaults.
 19058 | Orc:1    | Entered Level 1 of the Orcish Mines
 19315 | Orc:1    | Received a gift from Trog
 19362 | Orc:2    | Entered Level 2 of the Orcish Mines
 19362 | Orc:2    | Found a staircase to the Elven Halls.
 19393 | Orc:2    | Found Neruvea's Distillery.
 19408 | Orc:2    | Reached skill level 18 in Armour
 19422 | Orc:2    | Bought a potion of mutation for 104 gold pieces
 19738 | Orc:2    | Noticed an orc warlord
 19763 | Orc:2    | Killed an orc warlord
 19764 | Orc:2    | Reached XP level 14. HP: 73/129 MP: 13/13
 19806 | Orc:2    | Found Kainom's Antique Armour Boutique.
 19810 | Orc:2    | Found Jeubli's Antique Weapon Shop.
 19816 | Orc:2    | Bought a crystal morningstar for 315 gold pieces
 19816 | Orc:2    | Identified the +2 morningstar "Arucaostua" {elec, Will+++
                  | Str+7 Int-2 Dex-2} (You bought it in a shop on level 2 of
                  | the Orcish Mines)
 19822 | Orc:2    | Bought a smoking kite shield for 332 gold pieces
 19822 | Orc:2    | Identified the +3 kite shield of the Tarantula {Drain
                  | +Blink rC+++ Dex+3} (You bought it in a shop on level 2 of
                  | the Orcish Mines)
 20166 | Orc:2    | Found Himehe's Armour Shop.
 20316 | Elf:1    | Entered Level 1 of the Elven Halls
 20454 | Lair:1   | Entered Level 1 of the Lair of Beasts
 20664 | Lair:1   | Received a gift from Trog
 21248 | Lair:2   | Found a staircase to the Swamp.
 21259 | Lair:2   | Found a hole to the Spider Nest.
 21513 | Lair:2   | Reached skill level 5 in Maces & Flails
 22689 | Lair:3   | Received a gift from Trog
 22814 | Lair:3   | Found a runed translucent gate.
 22814 | Lair:3   | Found a runed translucent gate.
 22816 | Lair:3   | Noticed Lenagic's ghost (journeyman VSBe)
 22818 | Lair:3   | Found a runed translucent gate.
 24394 | Lair:4   | Noticed Urug
 24403 | Lair:4   | Killed Urug
 24655 | Lair:5   | Reached skill level 10 in Maces & Flails
 24658 | Lair:5   | Reached XP level 15. HP: 138/138 MP: 14/14
 25206 | Lair:6   | Entered Level 6 of the Lair of Beasts
 25391 | Lair:6   | Received a gift from Trog
 25500 | Lair:6   | Found a viscous altar of Jiyva.
 25501 | Lair:6   | Found a staircase to the Slime Pits.
 26385 | Slime:1  | Entered Level 1 of the Pits of Slime
 26681 | D:15     | Killed Rupert
 27004 | D:15     | Found the +2 hat of the Bear Spirit {Spirit, *Rage rN+
                  | Will++}
 27017 | D:15     | Noticed Roxanne
 27025 | D:15     | Reached skill level 19 in Armour
 27037 | D:15     | Killed Roxanne
 27038 | D:15     | Reached skill level 15 in Shields
 27467 | D:15     | Found a staircase to the Depths.
 27683 | Swamp:1  | Entered Level 1 of the Swamp
 27733 | Swamp:1  | HP: 5/139 [seven-headed hydra[a spriggan druid] (7)]
 27733 | Swamp:1  | Slain by a seven-headed hydra

Illustrated notes

Levels and vault maps discovered:
D:1:      psy_arrival_basics, layout_basic
D:2:      layout_rooms, chequers_serial_rivers_micro_e
D:3:      layout_rooms, lemuel_crystal_altar, grunt_temple_overflow_open,
          shapermc_ecumenical_altar_mp_urbaneastern
D:4:      layout_basic, lemuel_blue_sif_altar, minmay_crystal_water
D:5:      layout_gridville, saegor_snake_ambush, uniq_grinder, uniq_menkaure
D:6:      layout_basic, minmay_temple_entry_arrows, portal_sewer_entry_f
D:7:      layout_cave_pools, nicolae_vehumet_altar_sigil, serial_shops, shop,
          uniq_pikel
D:8:      layout_gridville, mainiacjoe_overflow_catch_the_wave,
          lair_entry_dummy, serial_shops, nicolae_shop_crystal, minivault_4,
          nrook_loot_triangle, serial_bayou_pond_d, kennysheep_nub,
          nicolae_shop_overcharged_wands
D:9:      layout_irregular_city, overflow_temple_1_default
D:10:     layout_loops_cross, good_gods_mini_temple, enter_bailey_2,
          columned_hall_lemuel, uniq_erolcha
D:11:     layout_long_grid, special_room [special_room_orc],
          portal_ice_cave_entry_pillars_2
D:12:     layout_small_grid, minmay_orc_entry_guard_dogs, uniq_nergalle,
          uniq_psyche
D:13:     layout_roguey, serial_shops, shop, gauntlet_entry_generic,
          kennysheep_another_room, kennysheep_opposing_triangles
D:14:     layout_basic, hangedman_vaults_entry_quadrant_bands,
          dk_noncrumbling_4, trove_entry_hex_spiral
D:15:     grunt_enter_depths_hoard, layout_cross, serial_park_square1
          [serial_park_minivault_5x5_2], uniq_rupert, uniq_roxanne
Temple:   zaba_magenta_temple
Lair:1:   layout_loops_ring
Lair:2:   layout_cave_pods, swamp_mist, nicolae_spider_entry_non_spiders,
          serial_forest, infiniplex_forest_corner_1, infiniplex_forest_end_2,
          infiniplex_forest_clump_small, infiniplex_forest_clump_medium,
          infiniplex_forest_straight_4, infiniplex_forest_lined_3,
          infiniplex_forest_straight_2, infiniplex_forest_side_room,
          nicolae_quartered_pool_super, cheibrodos_lair_reptile_den
Lair:3:   layout_cave_pods, gammafunk_ghost_necromancy
Lair:4:   layout_cave_pods, patterned_corridor, uniq_urug
Lair:5:   layout_long_grid
Lair:6:   minmay_lair_end_frog_pond, layout_loops_ring, slime_altar_1,
          lemuel_old_faithful, serial_bayou_shore_b
Swamp:1:  layout_basic_swamp, hangedman_swamp_ruin_wall, swamp_pool1
Swamp:2:  layout_falls_marsh, gammafunk_ghost_arena, hangedman_swamp_ruin_hall,
          swamp_pool3
Slime:1:  layout_caves
Orc:1:    layout_caves, basic_altar, minmay_orc_keep
Orc:2:    grunt_orc_community_town_hall, layout_caves,
          grunt_orc_community_big_house_2, grunt_orc_community_big_house_1,
          grunt_orc_community_house_3, grunt_orc_community_house_3,
          grunt_orc_community_house_2, grunt_orc_community_house_1
Elf:1:    nicolae_elf_arrival_fired_up, layout_loops_corners, serial_shops,
          shop, shop, shop, nicolae_shop_stone, nicolae_shop_trees,
          ploomutoo_gammafunk_ghost_potion_laboratory, hangedman_elf_represent,
          nicolae_elf_free_trip_to_the_abyss

Skill      XL: |  1  2  3  4  5  6  7  8  9 10 11 12 13 14 15 |
---------------+----------------------------------------------+-----
Fighting       | 4 5 6 7 8 9 11 12 13 14 | 14.3
Axes           | 4 5 6 8 10 11 12 13 14 15 | 15.7
Armour         | 3 4 6 7 10 12 14 16 18 19 | 19.1
Maces & Flails | 2 10 12 | 12.6
Shields        | 4 6 8 11 13 15 | 15.0
Dodging        | |  2.2

Action                   |  1- 3 |  4- 6 |  7- 9 | 10-12 | 13-15 || total
-------------------------+-------+-------+-------+-------+-------++-------
Melee: Hand axe          |    73 |    87 |   237 |   615 |   501 ||  1513
       Headbutt          |    15 |    17 |    43 |   158 |   371 ||   604
       Morningstar       |       |       |    15 |       |   713 ||   728
       Broad axe         |       |       |       |       |    19 ||    19
Invok: Berserk           |     2 |     5 |     7 |    15 |    13 ||    42
       Trog's Hand       |       |       |       |     6 |    13 ||    19
       Brothers in Arms  |       |       |       |       |     3 ||     3
  Use: Scroll            |     4 |     4 |    13 |     4 |     3 ||    28
       Potion            |       |       |       |     2 |       ||     2
 Stab: Distracted        |       |       |       |       |     2 ||     2
Armor: Animal skin       |    30 |    40 |       |       |       ||    70
       Ring mail         |       |     5 |     5 |       |       ||    10
       Scale mail        |       |       |   133 |       |       ||   133
       Plate armour      |       |       |    19 |   364 |   647 ||  1030
Dodge: Dodged            |    52 |    55 |   102 |   325 |   637 ||  1171
Block: Buckler           |       |       |       |   117 |   111 ||   228
       Kite shield       |       |       |       |       |   788 ||   788
       Reflection        |       |       |       |       |     7 ||     7

Table legend: (Time is in decaauts)
 A = Elapsed time spent in this place.
 B = Non-inter-level travel time spent in this place.
 C = Inter-level travel time spent in this place.
 D = Time resting spent in this place.
 E = Time spent auto-exploring this place.
 F = Levels seen in this place.
 G = Mean time per level.
                   A        B        C        D        E       F      G
               +--------+--------+--------+--------+--------+-----+--------+
         Total |  27631 |  26011 |   1620 |   5067 |  15425 |  32 |  863.5 |
       Dungeon |  17939 |  16817 |   1122 |   4311 |   9457 |  15 | 1195.9 |
        Temple |     76 |     58 |     18 |      0 |     50 |   1 |   76.0 |
          Lair |   6102 |   5687 |    415 |     66 |   4287 |   6 | 1017.0 |
         Swamp |     46 |     46 |      0 |      0 |     10 |   2 |   23.0 |
    Slime Pits |      1 |      1 |      0 |      0 |      0 |   1 |    1.0 |
  Orcish Mines |   1249 |   1185 |     64 |     46 |    776 |   2 |  624.5 |
   Elven Halls |      1 |      1 |      0 |      0 |      0 |   1 |    1.0 |
         Sewer |    392 |    392 |      0 |      0 |    243 |   1 |  392.0 |
        Bailey |    205 |    205 |      0 |    108 |      0 |   1 |  205.0 |
      Ice Cave |   1182 |   1182 |      0 |    431 |    488 |   1 | 1182.0 |
      Gauntlet |    433 |    433 |      0 |    103 |    113 |   1 |  433.0 |
               +--------+--------+--------+--------+--------+-----+--------+

Top non-repeatable levels by time:
    D:11: 1770 daAuts
     D:8: 1589 daAuts
     D:9: 1580 daAuts
    D:14: 1531 daAuts
    D:10: 1388 daAuts
     D:7: 1285 daAuts
  Lair:2: 1232 daAuts
     D:1: 1229 daAuts
     D:6: 1197 daAuts
  Lair:6: 1195 daAuts
   IceCv: 1182 daAuts
     D:4: 1124 daAuts
  Lair:3: 1057 daAuts
     D:5: 1054 daAuts
     D:3: 1037 daAuts
